 Dungeon Crawl Stone Soup version 0.26.1-11-gd32895ea62 (webtiles) character file.

Game seed: 5864896129700577021

305 dtburroughs the Chopper (level 6, -7/56 HPs)
             Began as a Minotaur Berserker on June 14, 2021.
             Was a Believer of Trog.
             Mangled by Menkaure (17 damage)
             ... on level 4 of the Dungeon.
             The game lasted 00:04:50 (4034 turns).

dtburroughs the Chopper (Minotaur Berserker)        Turns: 4034, Time: 00:04:51

Health: -7/56      AC:  4    Str: 21    XL:     6   Next: 16%
Magic:  5/5        EV: 12    Int:  6    God:    Trog [**....]
Gold:   200        SH:  0    Dex: 10    Spells: 5/5 levels left

rFire    . . .     SeeInvis .   a - +0 hand axe
rCold    . . .     Faith    .   (no shield)
rNeg     . . .     Spirit   .   l - -1 ring mail (curse)
rPois    .         Reflect  .   (helmet restricted)
rElec    .         Harm     .   (no cloak)
rCorr    .         Rampage  .   (no gloves)
Will     ++...                  (no boots)
Stlth    ..........             (no amulet)
HPRegen  1.18/turn              (no ring)
MPRegen  0.09/turn              (no ring)

@: regenerating
A: retaliatory headbutt, horns 2
a: Renounce Religion, Berserk, Trog's Hand


You were on level 4 of the Dungeon.
You worshipped Trog.
Trog was pleased with you.
You visited 1 branch of the dungeon, and saw 4 of its levels.

You collected 200 gold pieces.

Inventory:

Hand Weapons
 a - a +0 hand axe (weapon)
Armour
 l - a cursed -1 ring mail (worn)
Jewellery
 p - a cursed ring of attention {unknown}
 r - a +6 ring of dexterity {unknown}
 x - an uncursed ring of fire {unknown}
Scrolls
 b - a scroll of noise {unknown}
 h - 2 scrolls of fear {unknown}
 m - 2 scrolls of amnesia {unknown}
 n - a scroll of enchant armour {unknown}
 o - a scroll of blinking {unknown}
 q - a scroll of teleportation {unknown}
 s - 3 scrolls of remove curse {unknown}
 t - 4 scrolls of identify {unknown}
 v - a scroll of fog {unknown}
 w - a scroll of magic mapping {unknown}
Potions
 c - 3 potions of might {unknown}
 d - a potion of flight {unknown}
 e - 5 potions of curing {unknown}
 f - 4 potions of degeneration {unknown}
 g - 2 potions of mutation {unknown}
 i - a potion of brilliance {unknown}
 j - 2 potions of berserk rage {unknown}
 k - a potion of attraction {unknown}
 u - a potion of cancellation {unknown}


   Skills:
 + Level 5.2 Fighting
 + Level 5.2 Axes
 + Level 4.3 Armour
 + Level 4.0 Dodging


You had 5 spell levels left.
You didn't know any spells.
Your spell library was empty.

Dungeon Overview and Level Annotations

Branches:
Dungeon (4/15)
 Temple: D:4-7

Altars:
Elyvilon
Fedhas
Sif Muna

Annotations:
D:4 Menkaure


Innate Abilities, Weirdness & Mutations

You reflexively headbutt those who attack you in melee.
You have a pair of horns on your head.


Message History

You slash Menkaure!
Menkaure is moderately damaged.
Menkaure hits you.
You closely miss Menkaure.
Menkaure is moderately damaged.
Menkaure barely misses you. You furiously retaliate!
You headbutt Menkaure, but do no damage.
You slash Menkaure!
Menkaure is severely damaged.
Menkaure calls on the powers of darkness!
Your body is wracked with pain!
You hit Menkaure.
Menkaure is severely damaged.
Menkaure hits you.
Your ring mail prevents you from hitting Menkaure.
Menkaure is severely damaged.
Menkaure hits you!
* * * LOW HITPOINT WARNING * * *
Menkaure hits you!
You die...

# #...##.#.. # #...##.#.#
# #..)##.#.#######
####.......<.......
.†....###.#.####'######
####..# #.#...........# #
#..# #.#.###.......#
####..# #.#.# #.M.....#
......# #.#.# #.@.....#
###...###.#.####'########
........................#
##..#####.#.####.######.#
#.. # #.# #.# #.. #.
#.######.# #..
####.####.##.....# #..
#............###.#
####............# #.#


You could see Menkaure (fast).

Vanquished Creatures
  An ogre (D:3)
  A gnoll shaman (D:4)
  An orc wizard (D:3)
  A worker ant (D:4)
  4 gnolls
  3 adders
  An ooze (D:1)
  An adder skeleton (D:3)
  2 leopard geckos
  3 orcs (D:3)
  3 bats (D:1)
  7 giant cockroaches
  10 hobgoblins
  6 jackals
  A quokka (D:2)
  A ball python (D:1)
  5 frilled lizards
  5 goblins
  5 kobolds
  9 rats
70 creatures vanquished.

Vanquished Creatures (others)
  5 plants (D:2)
5 creatures vanquished.

Grand Total: 75 creatures vanquished

Notes
Turn   | Place    | Note
-------+----------+-------------------------------------------
     0 | D:1      | dtburroughs the Minotaur Berserker began the quest for the
                  | Orb.
     0 | D:1      | Reached XP level 1. HP: 19/19 MP: 0/0
   437 | D:1      | Reached XP level 2. HP: 24/27 MP: 1/1
   912 | D:1      | Reached XP level 3. HP: 28/33 MP: 2/2
  1136 | D:1      | Reached ** piety under Trog
  1837 | D:2      | You fall into a shaft and drop 2 floors!
  1910 | D:4      | Noticed Menkaure
  2007 | D:2      | Reached XP level 4. HP: 41/41 MP: 3/3
  2131 | D:2      | Found a faded altar of an unknown god.
  2277 | D:2      | Found a shimmering blue altar of Sif Muna.
  2616 | D:3      | Found a white marble altar of Elyvilon.
  2654 | D:3      | Noticed an ogre
  2664 | D:3      | Killed an ogre
  2665 | D:3      | Reached XP level 5. HP: 22/47 MP: 4/4
  3017 | D:3      | Reached skill level 5 in Axes
  3258 | D:3      | Found a blossoming altar of Fedhas.
  3684 | D:4      | Reached skill level 5 in Fighting
  3688 | D:4      | Reached XP level 6. HP: 38/56 MP: 5/5
  4034 | D:4      | Mangled by Menkaure

Illustrated notes

Levels and vault maps discovered:
D:1:      dpeg_arrival_ratfight, layout_basic, minmay_nonomino_d4
D:2:      layout_basic, led_sif_pool, chequers_ecumenical_altar_simple_redux,
          serial_bayou_lake_a
D:3:      layout_basic, lemuel_doored_altar, nicolae_overflow_crystal_walls
D:4:      layout_basic, lemuel_crystal_altar, nicolae_overflow_hidden_temple,
          uniq_menkaure

Skill      XL: |  1  2  3  4  5  6 |
---------------+-------------------+-----
Axes           | 4 5 |  5.2
Fighting       | 4 5 |  5.2
Armour         | 3 4 |  4.3
Dodging        | 3 4 |  4.0

Action                   |  1- 3 |  4- 6 || total
-------------------------+-------+-------++-------
Melee: Hand axe          |    87 |    74 ||   161
       Headbutt          |    13 |    14 ||    27
Invok: Trog's Hand       |       |     2 ||     2
       Berserk           |       |     1 ||     1
Armor: Animal skin       |    12 |       ||    12
       Ring mail         |    22 |    17 ||    39
Dodge: Dodged            |    62 |    48 ||   110
